 Dungeon Crawl Stone Soup version 0.31-a0-879-g1609e0ac53 (webtiles) character file.

Game seed: 6514501370417852226

22761 protoss039 the Fighter (level 12, -6/96 HPs)
             Began as a Demonspawn Earth Elementalist on Oct 14, 2023.
             Was an Elder of Vehumet.
             Mangled by a skeletal warrior
             ... wielding a +0 glaive
              (23 damage)
             ... on level 13 of the Dungeon.
             The game lasted 00:49:34 (13769 turns).

protoss039 the Fighter (DsEE)                      Turns: 13769, Time: 00:49:34

Health: -6/96      AC: 12    Str:  9    XL:     12   Next: 65%
Magic:  1/24       EV: 16    Int: 29    God:    Vehumet [****..]
Gold:   657        SH:  9    Dex: 17    Spells: 8/27 levels left

rFire   + . .        v - +11 morningstar of Xom's Reproof {venom, Drain Int+8 Dex+3 SInv}
rCold   + . .        c - +0 buckler
rNeg    + . .        V - +2 robe {Will+}
rPois   .            e - +0 helmet
rElec   .            (cloak unavailable)
rCorr   .            u - +0 pair of gloves of Vochiol {Fly rN+}
SInv    +            y - +0 pair of boots
Will    +....        A - amulet of reflection
Stlth   ++           f - ring of Kiaferchixo {Wiz rF+ rC+}
HPRegen 0.36/turn    q - +4 ring of protection
MPRegen 0.38/turn

%: repel missiles, reflection, wizardry (x1)
@: flying
A: repulsion field 3, powered by death 1, magic regeneration, weakness stinger 3
a: Renounce Religion


You were on level 13 of the Dungeon.
You worshipped Vehumet.
Vehumet was greatly pleased with you.
You visited 2 branches of the dungeon, and saw 14 of its levels.
You also visited: Sewer.

You collected 874 gold pieces.
You spent 217 gold pieces at shops.

Inventory:

Hand Weapons
 v - the +11 morningstar of Xom's Reproof (weapon) {venom, Drain Int+8 Dex+3 SInv}
   (You found it on level 5 of the Dungeon)

   Int+8:     It affects your intelligence (+8).
   Dex+3:     It affects your dexterity (+3).
   SInv:      It lets you see invisible.
   Drain:     It drains your maximum health when unequipped.
Missiles
 Q - a throwing net
Armour
 c - a +0 buckler (worn)
 e - a +0 helmet (worn)
 u - the +0 pair of gloves of Vochiol (worn) {Fly rN+}
   (You acquired it on level 4 of the Dungeon)

   rN+:       It protects you from negative energy.
   Fly:       It grants you flight.
 y - a +0 pair of boots (worn)
 I - the +1 chain mail of Polish {Fly Will+ Str+3 SInv}
   (You found it on level 5 of the Dungeon)

   Str+3:     It affects your strength (+3).
   Will+:     It increases your willpower.
   SInv:      It lets you see invisible.
   Fly:       It grants you flight.
 V - a +2 robe of willpower (worn)
 W - a +3 scale mail of cold resistance
Jewellery
 b - a ring of resist corrosion
 f - the ring of Kiaferchixo (left hand) {Wiz rF+ rC+}
   (You acquired it on level 4 of the Dungeon)

   [ring of wizardry]

   Wiz:       It improves your spell success rate.
   rF+:       It protects you from fire.
   rC+:       It protects you from cold.
 i - a ring of poison resistance
 l - a +6 ring of dexterity
 q - a +4 ring of protection (right hand)
 t - a ring of ice
 A - an amulet of reflection (around neck)
 G - a ring of positive energy
Wands
 J - a wand of quicksilver (3)
 O - a wand of roots (8)
 R - a wand of paralysis (5)
 U - a wand of flame (4)
Scrolls
 a - a scroll of silence {unknown}
 j - a scroll of identify
 k - 5 scrolls of blinking
 n - 3 scrolls of enchant armour
 o - 5 scrolls of teleportation
 r - a scroll of torment {unknown}
 w - a scroll of amnesia {unknown}
 x - 2 scrolls of immolation {unknown}
 B - a scroll of enchant weapon {unknown}
 F - 3 scrolls of vulnerability {unknown}
 K - 2 scrolls of fear
 N - 3 scrolls of fog {unknown}
 S - 3 scrolls of revelation
 T - a scroll of butterflies {unknown}
Potions
 d - 8 potions of curing
 g - a potion of berserk rage {unknown}
 h - 4 potions of brilliance
 m - a potion of enlightenment {unknown}
 p - 2 potions of magic
 s - 4 potions of mutation
 z - 2 potions of resistance {unknown}
 C - a potion of might {unknown}
 D - a potion of attraction {unknown}
 E - 2 potions of heal wounds {unknown}
 H - 2 potions of lignification {unknown}
 L - a potion of ambrosia {unknown}
 M - a potion of haste {unknown}
 P - a potion of invisibility {unknown}


   Skills:
 * Level 9.6 Fighting
 + Level 7.2 Maces & Flails
 * Level 6.3 Armour
 - Level 3.0 Dodging
 - Level 3.0 Stealth
 + Level 8.3 Spellcasting
 + Level 7.4 Conjurations
 - Level 3.0 Transmutations
 + Level 2.2 Fire Magic
 - Level 3.0 Ice Magic
 - Level 3.0 Air Magic
 - Level 7.3 Earth Magic
 + Level 2.4 Poison Magic
 - Level 3.0 Evocations


You had 8 spell levels left.
You knew the following spells:

 Your Spells              Type           Power      Damage    Failure   Level
a - Sandblast             Erth           100%       2d20      1%          1
b - Passwall              Tmut/Erth      35%        N/A       1%          2
c - Stone Arrow           Conj/Erth      100%       3d13      1%          3
d - Slow                  Hex            48%        N/A       2%          1
e - Olgreb's Toxic Radia  Pois           26%        N/A       3%          4
f - Ignite Poison         Fire/Tmut/Pois 27%        N/A       1%          3
h - Freezing Cloud        Conj/Ice/Air   18%        6-21      3%          5

Your spell library contained the following spells:

 Spells                   Type           Power      Damage    Failure   Level
 Hailstorm                Conj/Ice       42%        3d10      1%          3
 Sting                    Tmut/Pois      100%       1d8       1%          1
 Cigotuvi's Dreadful Rot  Necr/Pois/Air  44%        N/A       1%          2
 Poisonous Vapours        Pois/Air       54%        N/A       1%          2
 Scorch                   Fire           50%        2d7       1%          2
 Searing Ray              Conj           100%       2d8       1%          2
 Static Discharge         Conj/Air       84%        2-6/arc   1%          2
 Inner Flame              Hex/Fire       18%        N/A       1%          3
 Brom's Barrelling Bould  Conj/Erth      53%        2d7       1%          4
 Flame Wave               Conj/Fire      40%        2d11      1%          4
 Sticky Flame             Conj/Fire      40%        2d6       1%          4
 Airstrike                Air            14%        2d(3-19)  2%          4
 Petrify                  Tmut/Erth      42%        N/A       3%          4
 Confusing Touch          Hex            12%        N/A       9%          3
 Sigil of Binding         Hex            12%        N/A       9%          3
 Vampiric Draining        Necr           12%        2d6       9%          3
 Summon Lightning Spire   Summ/Air       20%        N/A       16%         4
 Starburst                Conj/Fire      20%        6d7       16%         6
 Ignition                 Fire           12%        3d6       100%        8
 Shatter                  Erth           26%        3d22*     100%        9


Dungeon Overview and Level Annotations

Branches:
Dungeon (13/15) Zot: 26334  Temple (1/1) D:7 Zot: 5944    Lair (0/5) D:8
    Orc (0/2) D:9           Sewer (visited)
 Vaults: D:13-14

Altars:
Ashenzari
Cheibriados
Dithmenos
Fedhas
Gozag
Hepliaklqana
Kikubaaqudgha
Makhleb
Nemelex Xobeh
Okawaru
Qazlal
Ru
Sif Muna
Trog
Uskayaw
Vehumet
Wu Jian
Xom
Yredelemnul

Shops:
D:5 (   D:11 *   D:12 *

Annotations:
D:3 3 runed translucent doors, Dirtsage's ghost, amateur OpSh
D:4 3 runed translucent doors, Azuregosa's ghost, weakling OpDe
D:5 4 runed translucent doors, Edmund
D:11 2 runed translucent doors, KineticRobot's ghost, journeyman MfSh


Innate Abilities, Weirdness & Mutations

You are surrounded by a strong repulsion field. (EV +4, RMsl)
You regenerate a little health from kills.
You regenerate magic rapidly.
You have a sharp stinger which inflicts weakening toxins.


Message History

Casting: Stone Arrow (safe; 1% risk of failure)
Confirm with . or Enter, or press ? or * to list all spells.
Aiming: Stone Arrow (safe; 1% risk of failure)
Press: ? - help, Shift-Dir - straight line, f/p - skeletal warrior
Aim: a skeletal warrior, wielding a +0 glaive (freezing vapour, heavily damaged, 78% to hit)
The stone arrow misses the skeletal warrior.
The skeletal warrior is engulfed in freezing vapours.
The skeletal warrior barely misses you.
Casting: Stone Arrow (safe; 1% risk of failure)
Confirm with . or Enter, or press ? or * to list all spells.
Aiming: Stone Arrow (safe; 1% risk of failure)
Press: ? - help, Shift-Dir - straight line, f/p - skeletal warrior
Aim: a skeletal warrior, wielding a +0 glaive (heavily damaged, 78% to hit)
The stone arrow hits the skeletal warrior!!
The skeletal warrior is severely damaged.
The skeletal warrior hits you from afar with a +0 glaive!
Unknown command.
Casting: Stone Arrow (safe; 1% risk of failure)
Confirm with . or Enter, or press ? or * to list all spells.
You don't have enough magic to cast this spell.
Unknown command.
Unknown command.
Casting: Stone Arrow (safe; 1% risk of failure)
Confirm with . or Enter, or press ? or * to list all spells.
Aiming: Stone Arrow (safe; 1% risk of failure)
Press: ? - help, Shift-Dir - straight line, f/p - skeletal warrior
Aim: a skeletal warrior, wielding a +0 glaive (severely damaged, 78% to hit)
The stone arrow hits the skeletal warrior!
The skeletal warrior is almost destroyed.
The skeletal warrior closely misses you.
Unknown command.
Unknown command.
The skeletal warrior hits you with a +0 glaive!
Unknown command.
You hit the skeletal warrior.
The skeletal warrior is almost destroyed.
The skeletal warrior hits you with a +0 glaive!
* * * LOW HITPOINT WARNING * * *
The skeletal warrior hits you with a +0 glaive!!
You die...

.........#.##.#..........
...........##.......#....
.........##.>##....##..##
##.......##..##...##...##
...........##...........#
.........#.##.#..........
.........#.#.............
.........#.#.............
........@#...............
.....###z#.............#.
............§§....§....#.
....................§..P.§.......
.)............°☼....§§§P§§.......
.....................§P.§§.......
..J................##..§.........
..JJ................##.§...##....
........$.....$....###....####...


You could see a skeletal warrior.

Vanquished Creatures
  Josephine (D:11)
  Erica (D:10)
  2 boulder beetles
  A two-headed ogre (D:12)
  Urug (D:12)
  Nergalle (D:11)
  Lodul (D:10)
  2 ugly things (D:13)
  4 cyclopes
  A manticore (D:12)
  3 centaur zombies (D:13)
  Psyche (D:11)
  A gargoyle (D:11)
  5 kobold demonologists
  A tengu conjurer (D:13)
  2 hornets
  A troll (D:12)
  Prince Ribbit (D:6)
  8 slime creatures (D:13)
  3 water elementals (D:12)
  2 shadows
  2 wyverns
  3 wraiths (D:11)
  A human (shapeshifter) (D:13)
  19 yaks
  Grum (D:8)
  An acid dragon (D:12)
  A water moccasin (D:9)
  2 ice beasts
  6 orc warriors
  10 ogres
  2 black bears (D:4)
  14 centaurs
  2 wolves (D:8)
  5 kobold brigands
  4 bullfrogs
  A gnoll sergeant (D:8)
  4 scorpions (D:5)
  5 killer bees (D:9)
  3 electric eels (D:12)
  3 howler monkeys
  8 hounds
  8 orc priests
  A jelly (D:7)
  A gnoll bouda (D:5)
  6 orc wizards
  2 sleepcaps
  4 iguanas
  A mummy (D:7)
  13 adders
  4 gnolls
  2 river rats (Sewer)
  3 white imps
  4 ufetubi (D:5)
  2 worms
  3 dart slugs
  30 orcs
  21 ball pythons
  8 endoplasms
  A giant cockroach (D:1)
  9 hobgoblins
  3 jackals (D:2)
  18 kobolds
  2 bats (D:1)
  5 frilled lizards
  5 goblins
  2 hobgoblin zombies (D:7)
  2 orc zombies (D:7)
  27 rats
327 creatures vanquished.

Notes
Turn   | Place    | Note
-------+----------+-------------------------------------------
     0 | D:1      | protoss039 the Demonspawn Earth Elementalist began the
                  | quest for the Orb.
     0 | D:1      | Reached XP level 1. HP: 13/13 MP: 3/3
   143 | D:1      | Gained mutation: You are surrounded by a mild repulsion
                  | field. (EV +2) [demonic ancestry]
   143 | D:1      | Reached XP level 2. HP: 20/20 MP: 1/5
   359 | D:1      | Reached skill level 1 in Fighting
   677 | D:1      | Learned a level 2 spell: Passwall
   716 | D:2      | Reached skill level 1 in Transmutations
   783 | D:2      | Gained mutation: You have a small tail. [demonic ancestry]
   783 | D:2      | Reached XP level 3. HP: 26/26 MP: 6/6
  1030 | D:2      | Reached XP level 4. HP: 18/33 MP: 6/8
  1121 | D:2      | Reached skill level 2 in Fighting
  1462 | D:2      | Learned a level 3 spell: Stone Arrow
  1541 | D:3      | Found a runed translucent gate.
  1541 | D:3      | Found a runed translucent gate.
  1541 | D:3      | Found a runed translucent gate.
  1542 | D:3      | Noticed a kobold brigand
  1544 | D:3      | Noticed Dirtsage's ghost (amateur OpSh)
  2375 | D:4      | Noticed an ogre
  2401 | D:4      | Killed an ogre
  2402 | D:4      | Reached skill level 1 in Conjurations
  2402 | D:4      | Gained mutation: You are surrounded by a moderate repulsion
                  | field. (EV +3) [demonic ancestry]
  2402 | D:4      | Reached XP level 5. HP: 39/39 MP: 4/9
  2548 | D:4      | Found a runed translucent gate.
  2549 | D:4      | Found a runed translucent gate.
  2550 | D:4      | Found a runed translucent gate.
  2551 | D:4      | Noticed Azuregosa's ghost (weakling OpDe)
  2800 | D:4      | Noticed a black bear
  2811 | D:4      | Killed a black bear
  2812 | D:4      | Gained mutation: You regenerate a little health from kills.
                  | [demonic ancestry]
  2812 | D:4      | Reached XP level 6. HP: 46/46 MP: 8/11
  3162 | D:4      | Reached skill level 3 in Fighting
  3280 | D:5      | Entered Level 5 of the Dungeon
  3294 | D:5      | Gained mutation: You have a tail ending in a sharp stinger.
                  | [demonic ancestry]
  3294 | D:5      | Reached XP level 7. HP: 52/52 MP: 3/13
  3690 | D:5      | Reached skill level 4 in Fighting
  3770 | D:5      | Identified the +1 chain mail of Polish {Fly Will+ Str+3
                  | SInv}
  4072 | D:5      | Reached skill level 5 in Earth Magic
  4170 | D:5      | Found a large runed translucent door.
  4170 | D:5      | Found a large runed translucent door.
  4177 | D:5      | Noticed a gargoyle
  4177 | D:5      | Noticed a shadow
  4177 | D:5      | Noticed Edmund
  4197 | D:5      | Reached skill level 1 in Armour
  4228 | D:5      | Reached XP level 8. HP: 60/61 MP: 4/15
  4370 | D:5      | Learned a level 1 spell: Slow
  4407 | D:5      | Found a large runed translucent door.
  4407 | D:5      | Found a large runed translucent door.
  4474 | D:5      | Reached skill level 5 in Spellcasting
  4486 | D:5      | Reached skill level 5 in Fighting
  4490 | D:5      | Identified the +11 morningstar of Xom's Reproof {venom,
                  | Drain Int+8 Dex+3 SInv}
  4578 | D:4      | Identified 4 scrolls of acquirement
  4578 | D:4      | Acquired the ring of Kiaferchixo {Wiz rF+ rC+}
  4589 | D:4      | Acquired the Encyclopedia of Chthonic Putrescence
  4590 | D:4      | Acquired the Guide on Flaming Attacks
  4591 | D:4      | Acquired the +0 pair of gloves of Vochiol {Fly rN+}
  4604 | D:4      | Learned a level 5 spell: Freezing Cloud
  4665 | D:5      | Found Ipiazeac's Antique Weapon Emporium.
  4955 | D:6      | Reached skill level 1 in Maces & Flails
  5017 | D:6      | Found a glowing drain.
  5028 | Sewer    | Entered a sewer
  5241 | Sewer    | Reached skill level 1 in Ice Magic
  5284 | Sewer    | Reached XP level 9. HP: 68/68 MP: 11/17
  5344 | D:6      | Reached skill level 1 in Air Magic
  5679 | D:7      | Noticed Prince Ribbit
  5692 | D:6      | Killed Prince Ribbit
  5840 | D:7      | Found a staircase to the Ecumenical Temple.
  5851 | Temple   | Entered the Ecumenical Temple
  5865 | Temple   | Became a worshipper of Vehumet
  6595 | D:8      | Found a staircase to the Lair.
  7168 | D:8      | Noticed Grum
  7172 | D:8      | Killed Grum
  7173 | D:8      | Reached * piety under Vehumet
  7173 | D:8      | Offered knowledge of Magic Dart by Vehumet.
  7174 | D:8      | Reached skill level 5 in Conjurations
  7471 | D:8      | Found a burning altar of Makhleb.
  7920 | D:9      | Found a staircase to the Orcish Mines.
  8026 | D:9      | Gained mutation: You have a sharp stinger which inflicts
                  | weakening toxins. [demonic ancestry]
  8026 | D:9      | Reached XP level 10. HP: 64/76 MP: 11/19
  8126 | D:9      | Reached skill level 1 in Evocations
  8297 | D:9      | Reached skill level 6 in Fighting
  9296 | D:10     | Entered Level 10 of the Dungeon
  9309 | D:10     | Noticed Lodul
  9313 | D:10     | Killed Lodul
  9314 | D:10     | Reached skill level 5 in Maces & Flails
  9455 | D:10     | Noticed Erica
  9461 | D:10     | Killed Erica
  9470 | D:10     | Reached ** piety under Vehumet
  9470 | D:10     | Offered knowledge of Freeze by Vehumet.
  9612 | D:10     | Gained mutation: You are surrounded by a strong repulsion
                  | field. (EV +4, RMsl) [demonic ancestry]
  9612 | D:10     | Reached XP level 11. HP: 83/83 MP: 21/21
  9926 | D:10     | Reached skill level 7 in Fighting
 10349 | D:11     | Noticed Psyche
 10525 | D:11     | Offered knowledge of Momentum Strike by Vehumet.
 10821 | D:11     | Killed Psyche
 10821 | D:11     | Reached *** piety under Vehumet
 10878 | D:11     | Noticed Josephine
 10884 | D:11     | Killed Josephine
 10885 | D:11     | Reached skill level 8 in Fighting
 11078 | D:11     | Noticed a skeletal warrior
 11082 | D:11     | Noticed KineticRobot's ghost (journeyman MfSh)
 11082 | D:11     | Noticed a lich
 11145 | D:11     | Noticed Nergalle
 11151 | D:11     | Killed Nergalle
 11310 | D:11     | Offered knowledge of Hailstorm by Vehumet.
 11327 | D:11     | Reached skill level 5 in Armour
 11596 | D:11     | Found Inan's General Store.
 11600 | D:11     | Found a runed translucent door.
 11601 | D:11     | Noticed a wolf spider
 11602 | D:11     | Noticed a necromancer
 11603 | D:11     | Found a runed translucent door.
 11604 | D:11     | Bought a scroll of revelation for 112 gold pieces
 11636 | D:11     | Noticed a tengu reaver
 11636 | D:11     | Noticed an orc knight
 11891 | D:11     | Learned a level 4 spell: Olgreb's Toxic Radiance
 11895 | D:11     | Learned a level 3 spell: Ignite Poison
 11904 | D:12     | Noticed a two-headed ogre
 11909 | D:12     | Killed a two-headed ogre
 11910 | D:12     | Gained mutation: You regenerate magic rapidly. [demonic
                  | ancestry]
 11910 | D:12     | Reached XP level 12. HP: 94/94 MP: 8/23
 12098 | D:12     | Noticed Urug
 12108 | D:12     | Noticed a boulder beetle
 12115 | D:12     | Killed Urug
 12119 | D:12     | Killed a boulder beetle
 12120 | D:12     | Reached skill level 1 in Poison Magic
 12294 | D:12     | Found Vobaijoe's General Store.
 12299 | D:12     | Bought a potion of curing for 45 gold pieces
 12299 | D:12     | Bought a scroll of fear for 60 gold pieces
 12450 | D:12     | Reached skill level 9 in Fighting
 12450 | D:12     | Reached skill level 1 in Fire Magic
 13248 | D:13     | Noticed a boulder beetle
 13263 | D:13     | Killed a boulder beetle
 13638 | D:13     | Reached **** piety under Vehumet
 13769 | D:13     | Mangled by a skeletal warrior

Illustrated notes

Levels and vault maps discovered:
D:1:      lightli_arrival_maybe_door_vault, layout_loops_cross
D:2:      layout_basic
D:3:      layout_loops_cross, gammafunk_ghost_nasty_kobolds
D:4:      layout_loops_cross, ebering_ghost_rock_garden, kennysheep_doodads,
          grunt_decor_clamped, grunt_ministairs_9,
          hangedman_abyss_or_decor_stabs, palyth_stone_intersect
D:5:      layout_loops_ring, serial_shops, nicolae_shop_waterfront,
          minmay_hollow_rounded_squares, uniq_edmund
D:6:      layout_basic, portal_sewer_entry_d, kennysheep_generic_room_10
D:7:      layout_cave_pools, minmay_temple_entry_grid, serial_demonic,
          serial_demonic_b, serial_demonic_f, serial_demonic_b,
          serial_demonic_c, minmay_mini_ossuary, uniq_prince_ribbit1
D:8:      layout_basic, mainiacjoe_overflow_alcove_2, lair_entry_dummy,
          uniq_grum
D:9:      layout_basic, orc_0_dummy, minmay_door_square
D:10:     layout_rooms, uniq_lodul, uniq_erica
D:11:     layout_rooms, muffindrake_ghost_dual_entry, serial_shops, shop,
          minmay_misc_feat_cross, uniq_josephine, uniq_nergalle, uniq_psyche
D:12:     layout_basic, serial_shops, nicolae_shop_rolling_square,
          minmay_misc_feat_encased, uniq_urug
D:13:     layout_cave_pools, serial_undead, serial_undead_c, serial_undead_e,
          serial_undead_e, serial_undead_b, st_stairs_7
Temple:   nicolae_temple_bog_church

Skill      XL: |  1  2  3  4  5  6  7  8  9 10 11 12 |
---------------+-------------------------------------+-----
Fighting       | 1 2 3 4 5 6 8 9 |  9.6
Earth Magic    | 3 4 5 6 7 |  7.3
Transmutations | 1 3 |  3.0
Spellcasting   | 3 4 5 6 7 8 |  8.3
Conjurations   | 1 2 3 4 5 6 7 |  7.4
Armour         | 1 2 3 5 6 |  6.3
Dodging        | 2 3 |  3.0
Stealth        | 2 3 |  3.0
Maces & Flails | 1 3 5 6 7 |  7.2
Ice Magic      | 1 2 3 |  3.0
Air Magic      | 2 3 |  3.0
Evocations     | 3 |  3.0
Poison Magic   | 2 |  2.4
Fire Magic     | 2 |  2.2

Action                     |  1- 3 |  4- 6 |  7- 9 | 10-12 || total
---------------------------+-------+-------+-------+-------++-------
  Melee: Unarmed           |     1 |       |       |       ||     1
         Short sword       |    37 |    39 |    37 |       ||   113
         Tailslap          |     1 |     3 |    16 |    13 ||    33
         Morningstar       |       |       |   109 |    77 ||   186
   Cast: Sandblast         |    17 |    58 |    69 |    54 ||   198
         Stone Arrow       |       |       |    65 |   101 ||   166
         Passwall          |       |       |     1 |     1 ||     2
         Freezing Cloud    |       |       |     3 |    41 ||    44
         Slow              |       |       |       |     1 ||     1
  Evoke: Wand              |       |       |       |     7 ||     7
    Use: Potion            |     1 |       |       |       ||     1
         Scroll            |       |       |     9 |     8 ||    17
   Stab: Sleeping          |     2 |     3 |     1 |     1 ||     7
         Distracted        |       |     1 |       |       ||     1
 Armour: Robe              |    19 |    18 |    76 |   112 ||   225
         Ring mail         |       |       |       |    11 ||    11
  Dodge: Dodged            |    37 |    42 |   225 |   115 ||   419
         Repelled          |       |       |       |     2 ||     2
  Block: Other             |       |     7 |    26 |       ||    33
         Buckler           |       |       |   115 |    92 ||   207
         Reflection        |       |       |     2 |    17 ||    19

Table legend: (Time is in decaauts)
 A = Elapsed time spent in this place.
 B = Non-inter-level travel time spent in this place.
 C = Inter-level travel time spent in this place.
 D = Time resting spent in this place.
 E = Time spent auto-exploring this place.
 F = Levels seen in this place.
 G = Mean time per level.
                   A        B        C        D        E       F      G
               +--------+--------+--------+--------+--------+-----+--------+
         Total |  13946 |  13348 |    598 |   2063 |   8839 |  15 |  929.7 |
       Dungeon |  13551 |  12979 |    572 |   2035 |   8744 |  13 | 1042.4 |
        Temple |     55 |     29 |     26 |     24 |      0 |   1 |   55.0 |
         Sewer |    340 |    340 |      0 |      4 |     95 |   1 |  340.0 |
               +--------+--------+--------+--------+--------+-----+--------+

Top non-repeatable levels by time:
     D:9: 1588 daAuts
     D:5: 1438 daAuts
     D:8: 1429 daAuts
    D:10: 1332 daAuts
    D:11: 1254 daAuts
    D:12: 1211 daAuts
     D:4: 1070 daAuts
     D:3: 881 daAuts
     D:2: 793 daAuts
     D:1: 680 daAuts
     D:7: 669 daAuts
     D:6: 640 daAuts
    D:13: 560 daAuts
   Sewer: 340 daAuts
  Temple: 55 daAuts
